 Dungeon Crawl Stone Soup version 0.31-a0-851-g7ff8af7976 (webtiles) character file.

Game seed: 1872404617549256616

16784 jasper the Cruncher (level 12, -2/77 HPs)
             Began as a Tengu Air Elementalist on Oct 6, 2023.
             Was an Elder of Sif Muna.
             Slain by an elephant (16 damage)
             ... on level 2 of the Lair of Beasts.
             The game lasted 00:24:33 (18088 turns).

jasper the Cruncher (Tengu Air Elementalist)       Turns: 18088, Time: 00:24:33

Health: -2/77      AC:  4    Str: 10    XL:     12   Next: 41%
Magic:  7/18       EV: 15    Int: 20    God:    Sif Muna [****..]
Gold:   394        SH:  9    Dex: 14    Spells: 3/18 levels left

rFire   . . .        h - staff of conjuration
rCold   + + .        L - +0 buckler
rNeg    . . .        a - +1 robe
rPois   .            (helmet restricted)
rElec   .            (no cloak)
rCorr   .            I - +0 pair of gloves
SInv    .            (boots unavailable)
Will    .....        t - amulet of reflection
Stlth   ++           f - ring of protection from cold
HPRegen 0.32/turn    x - ring of protection from cold
MPRegen 0.16/turn

%: reflection, acrobat
@: flying
A: beak, talons 3, evasive flight, acrobatic
a: Renounce Religion, Channel Magic, Forget Spell, Divine Exegesis


You were on level 2 of the Lair of Beasts.
You worshipped Sif Muna.
Sif Muna was greatly pleased with you.
You visited 3 branches of the dungeon, and saw 15 of its levels.
You also visited: Bailey.

You collected 983 gold pieces.
You spent 589 gold pieces at shops.

Inventory:

Hand Weapons
 c - a +0 dagger
 d - a +1 spear
 J - a +2 dagger of venom
Missiles
 g - 21 poisoned darts
 z - 2 curare-tipped darts
 D - a throwing net
Armour
 a - a +1 robe (worn)
 A - the +1 ring mail "Xushi" {Fly rF- Int+5}
   (You found it on level 5 of the Dungeon)

   Int+5:     It affects your intelligence (+5).
   rF-:       It makes you vulnerable to fire.
   Fly:       It grants you flight.
 H - a +0 kite shield
 I - a +0 pair of gloves (worn)
 L - a +0 buckler (worn)
 P - +0 acid dragon scales
Magical Staves
 h - a staff of conjuration (weapon)
 i - a staff of fire
Jewellery
 f - a ring of protection from cold (left hand)
 t - an amulet of reflection (around neck)
 x - a ring of protection from cold (right hand)
 E - a ring of magical power
 S - a ring of wizardry
 T - a ring of see invisible
 U - an amulet of magic regeneration
Wands
 p - a wand of polymorph (7)
 K - a wand of flame (29)
 M - a wand of paralysis (5)
 O - a wand of mindburst (1)
 Q - a wand of iceblast (2)
Scrolls
 e - 4 scrolls of teleportation
 n - 7 scrolls of identify
 o - 4 scrolls of amnesia
 r - 2 scrolls of fog
 v - 2 scrolls of blinking
 y - 2 scrolls of vulnerability
 C - a scroll of enchant weapon
 F - a scroll of poison
 G - 4 scrolls of revelation
 N - a scroll of fear
 W - 3 scrolls of immolation
 X - a scroll of enchant armour
Potions
 b - 2 potions of magic
 j - 2 potions of curing
 k - 3 potions of haste
 l - 2 potions of might
 m - 4 potions of mutation
 q - 2 potions of berserk rage
 s - 4 potions of heal wounds
 u - 5 potions of degeneration
 w - a potion of lignification
 B - 3 potions of attraction
 R - 5 potions of enlightenment
 V - a potion of brilliance


   Skills:
 - Level 10.0 Fighting
 - Level 12.0 Staves
 - Level 2.1 Dodging
 - Level 2.0 Stealth
 - Level 2.5 Shields
 + Level 3.5 Spellcasting
 - Level 9.7 Conjurations
 - Level 4.0 Ice Magic
 - Level 11.0 Air Magic
 - Level 0.8 Invocations
 - Level 5.0 Evocations


You had 3 spell levels left.
You knew the following spells:

 Your Spells              Type           Power      Damage    Failure   Level
a - Shock                 Conj/Air       100%       1d9       1%          1
b - Static Discharge      Conj/Air       100%       2-7/arc   1%          2
c - Swiftness             Air            47%        N/A       1%          3
d - Airstrike             Air            23%        2d(4-20)  1%          4
e - Freezing Cloud        Conj/Ice/Air   26%        6-21      19%         5

Your spell library contained the following spells:

 Spells                   Type           Power      Damage    Failure   Level
 Call Canine Familiar     Summ           3%         N/A       52%         3
 Sigil of Binding         Hex            3%         N/A       52%         3
 Summon Lightning Spire   Summ/Air       25%        N/A       21%         4
 Animate Armour           Summ/Erth      6%         N/A       89%         4
 Dimensional Bullseye     Hex/Tloc       1%         N/A       89%         4
 Leda's Liquefaction      Hex/Erth       1%         N/A       89%         4
 Lee's Rapid Deconstruct  Erth           1%         3d4*      99%         5
 Simulacrum               Ice/Necr       5%         N/A       100%        6
 Polar Vortex             Ice            9%         12d1*     100%        9


Dungeon Overview and Level Annotations

Branches:
Dungeon (12/15)            Temple (1/1) D:4            Lair (2/5) D:11
 Bailey (visited)
  Swamp: Lair:2-3    Shoals: Lair:2-3     Snake: Lair:2-3    Spider: Lair:2-3
    Orc: D:9-12

Altars:
Ashenzari
Cheibriados
Dithmenos
Elyvilon
Fedhas
Gozag
Hepliaklqana
Kikubaaqudgha
Makhleb
Nemelex Xobeh
Okawaru
Qazlal
Ru
Sif Muna
Trog
Uskayaw
Wu Jian
Xom
Yredelemnul
Zin
The Shining One

Shops:
D:1 (   D:5 (   D:8 (   D:10 ?*

Annotations:
D:9 exclusion: door
D:12 Lodul
Lair:2 Fannar


Innate Abilities, Weirdness & Mutations

You have a beak for a mouth.
You have claws for feet.
Your magical flight helps you evade attacks. (EV +4)
You can magically evade attacks while moving or waiting.


Message History

The lightning grounds out.
The wolf is struck by an arc of lightning!
You kill the wolf!
Sif Muna accepts your kill.
The elephant is struck by an arc of lightning.
The elephant is lightly wounded.
The wolf is struck by an arc of lightning.
The wolf is moderately wounded.
The elephant is struck by an arc of lightning.
The elephant is moderately wounded.
The elephant is struck by an arc of lightning!
The elephant is moderately wounded.
The lightning grounds out.
The elephant tramples you!
You hold your ground!
The elephant barely misses you.
You take 12 damage, and have 33/77 hp.
You now have 11/18 mp.
Casting: Static Discharge (safe; 1% risk of failure)
Confirm with . or Enter, or press ? or * to list all spells.
You feel a surge of power!
The elephant is struck by an arc of lightning.
The elephant is lightly wounded.
The elephant is struck by an arc of lightning!
The elephant is moderately wounded.
The lightning grounds out.
You now have 9/18 mp.
Casting: Static Discharge (safe; 1% risk of failure)
Confirm with . or Enter, or press ? or * to list all spells.
You feel a surge of power!
The elephant is struck by an arc of lightning.
The elephant is moderately wounded.
You are struck by an arc of lightning.
The lightning grounds out.
The elephant tramples you!
* * * LOW HITPOINT WARNING * * *
You hold your ground!
The elephant closely misses you. You block the elephant's attack.
The elephant barely misses you.
You take 17 damage, and have 16/77 hp.
MASSIVE DAMAGE!!
You now have 7/18 mp.
You reach down and open the door.
The elephant tramples you.
* * * LOW HITPOINT WARNING * * *
You hold your ground!
The elephant completely misses you. The elephant tramples you!
You die...

#..†#######P
#..## #..##
##...####
#...P...#
##..P...#
##...##.#
#P...#†Y####
#....'@8Yh.#
##..##YYhYY#
#...###YY..#
P.. ##....
...8 ... ..


You could see 8 elephants, a polar bear and a wolf.

Vanquished Creatures
  4 two-headed ogres
  Pikel (D:5)
  A necromancer (D:9)
  A manticore (D:11)
  A cyclops (D:11)
  Joseph (D:8)
  A gargoyle (D:10)
  3 cane toads
  A kobold demonologist (D:11)
  3 komodo dragons
  Grinder (D:6)
  A hornet (D:8)
  3 blink frogs (Lair:1)
  2 wraiths
  10 yaks
  A vampire (D:11)
  3 wyverns
  2 basilisks
  2 vampire mosquitoes (D:11)
  An acid dragon (D:9)
  11 water moccasins
  An ice beast (D:7)
  10 orc warriors
  6 wolves
  8 ogres
  A phantom (D:7)
  2 centaurs
  3 kobold brigands
  4 lemures (D:5)
  4 bullfrogs
  4 scorpions
  Dowan (D:7)
  8 wights
  10 killer bees
  4 electric eels (D:6)
  3 hounds
  2 jellies
  5 orc priests
  Jessica (D:2)
  2 iguanas (D:6)
  11 orc wizards
  A polar bear simulacrum (D:9)
  10 adders
  18 gnolls
  2 shadow imps
  2 white imps
  A worm (D:2)
  2 dart slugs
  37 orcs
  5 ball pythons
  A bat (D:2)
  5 endoplasms
  6 giant cockroaches
  15 goblins
  8 hobgoblins
  4 quokkas
  4 frilled lizards
  26 kobolds
  10 rats
  A river rat simulacrum (D:9)
  A spectral kobold (D:7)
303 creatures vanquished.

Notes
Turn   | Place    | Note
-------+----------+-------------------------------------------
     0 | D:1      | jasper the Tengu Air Elementalist began the quest for the
                  | Orb.
     0 | D:1      | Reached XP level 1. HP: 10/10 MP: 4/4
   142 | D:1      | Reached XP level 2. HP: 15/15 MP: 1/6
   207 | D:1      | Found Gucafuag's Weapon Boutique.
   580 | D:1      | Learned a level 2 spell: Static Discharge
   660 | D:1      | Found a faded altar of an unknown god.
   955 | D:1      | Reached XP level 3. HP: 19/19 MP: 5/7
   959 | D:1      | Learned a level 3 spell: Swiftness
  1692 | D:2      | Noticed Jessica
  1696 | D:2      | Killed Jessica
  1697 | D:2      | Reached skill level 5 in Air Magic
  1697 | D:2      | Reached XP level 4. HP: 16/24 MP: 1/8
  2499 | D:3      | Reached XP level 5. HP: 10/28 MP: 4/9
  2782 | D:3      | Found a hide-covered altar of Uskayaw.
  2785 | D:3      | Found a sparkling altar of Nemelex Xobeh.
  3358 | D:3      | Reached skill level 5 in Conjurations
  3530 | D:4      | Found a staircase to the Ecumenical Temple.
  3540 | Temple   | Entered the Ecumenical Temple
  3848 | D:4      | Identified the +2 ring mail of Parts Unknown {Str+3 Stlth+}
  4026 | D:4      | Noticed an ogre
  4033 | D:4      | Killed an ogre
  4034 | D:4      | Reached XP level 6. HP: 31/32 MP: 5/11
  4039 | D:4      | Learned a level 4 spell: Airstrike
  4256 | D:5      | Entered Level 5 of the Dungeon
  4441 | D:5      | Noticed Pikel
  4548 | D:5      | Found Wuowug's Weapon Shoppe.
  4556 | D:5      | Bought 2 curare-tipped darts for 36 gold pieces
  4624 | D:5      | Gained mutation: Your magical flight helps you evade
                  | attacks. (EV +4) [Tengu growth]
  4624 | D:5      | Reached XP level 7. HP: 30/36 MP: 4/12
  4722 | D:5      | Identified the +1 ring mail "Xushi" {Fly rF- Int+5}
  4849 | D:5      | Found a burning altar of Makhleb.
  4955 | Temple   | Became a worshipper of Sif Muna the Loreminder
  5132 | D:5      | Killed Pikel
  5133 | D:5      | Reached skill level 3 in Staves
  5133 | D:5      | Reached XP level 8. HP: 10/45 MP: 8/13
  6143 | D:6      | Reached skill level 4 in Staves
  6802 | D:6      | Reached * piety under Sif Muna
  6839 | D:6      | Reached XP level 9. HP: 39/52 MP: 3/14
  7042 | D:6      | Reached skill level 5 in Staves
  7171 | D:6      | Noticed Grinder
  7174 | D:6      | Killed Grinder
  7175 | D:6      | Reached skill level 5 in Fighting
  7175 | D:6      | Reached skill level 5 in Evocations
  7419 | D:7      | Found a hazy altar of Hepliaklqana.
  7614 | D:7      | Reached skill level 6 in Staves
  8300 | D:7      | Noticed Dowan
  8305 | D:7      | Killed Dowan
  8436 | D:8      | Found Lyimil's Antique Weapon Emporium.
  8531 | D:8      | Noticed a hornet
  8539 | D:8      | Killed a hornet
  8540 | D:8      | Reached skill level 7 in Staves
  8684 | D:8      | Noticed a two-headed ogre
  8689 | D:8      | Killed a two-headed ogre
  8690 | D:8      | Reached skill level 8 in Staves
  8690 | D:8      | Reached XP level 10. HP: 63/63 MP: 0/15
  8974 | D:8      | Found a sacrificial altar of Ru.
  8975 | D:8      | Found a broken altar of Ashenzari.
  8981 | D:8      | Noticed Joseph
  9012 | D:8      | Killed Joseph
  9472 | D:8      | Reached skill level 1 in Shields
 10407 | D:9      | Reached ** piety under Sif Muna
 10527 | D:9      | Reached skill level 9 in Staves
 10700 | D:9      | Got an upside-down book
 10837 | D:9      | Found a white marble altar of Elyvilon.
 11339 | D:9      | Noticed a necromancer
 11353 | D:9      | Killed a necromancer
 11504 | D:9      | Learned a level 5 spell: Freezing Cloud
 11526 | D:10     | Entered Level 10 of the Dungeon
 11536 | D:10     | Found an opulent altar of Gozag.
 11596 | D:10     | Noticed a gargoyle
 11602 | D:10     | Noticed a two-headed ogre
 11604 | D:10     | Killed a gargoyle
 11605 | D:10     | Reached skill level 10 in Staves
 11609 | D:10     | Killed a two-headed ogre
 11610 | D:10     | Reached XP level 11. HP: 19/72 MP: 0/16
 11647 | D:10     | Found a flagged portal.
 11657 | Bailey   | Entered a bailey
 11951 | Bailey   | Reached *** piety under Sif Muna
 12220 | Bailey   | Reached skill level 10 in Fighting
 12722 | D:10     | Reached skill level 11 in Staves
 12852 | D:10     | Found a glowing golden altar of the Shining One.
 13299 | D:10     | Found Igasm's Assorted Antiques.
 13302 | D:10     | Bought a smoky purple potion for 21 gold pieces
 13302 | D:10     | Bought a scroll of identify for 48 gold pieces
 13302 | D:10     | Bought a potion of haste for 240 gold pieces
 13302 | D:10     | Bought a scroll of immolation for 96 gold pieces
 13302 | D:10     | Bought a scroll of immolation for 96 gold pieces
 13391 | D:10     | Found Cockupuc's Magic Scroll Shop.
 13399 | D:10     | Bought a scroll of immolation for 52 gold pieces
 13581 | D:11     | Found a staircase to the Lair.
 13609 | D:11     | Reached skill level 12 in Staves
 13609 | D:11     | Reached skill level 1 in Ice Magic
 14019 | D:11     | Noticed a two-headed ogre
 14029 | D:11     | Killed a two-headed ogre
 14137 | D:11     | Noticed a manticore
 14146 | D:11     | Killed a manticore
 14270 | D:11     | Noticed a cyclops
 14281 | D:11     | Killed a cyclops
 14470 | D:11     | Noticed a two-headed ogre
 14488 | D:11     | Killed a two-headed ogre
 14611 | D:11     | Identified the +1 leather armour of the Tortured God {+Inv
                  | rN+}
 14892 | D:12     | Noticed a sun demon
 14974 | D:12     | Noticed Lodul
 15071 | D:11     | Reached **** piety under Sif Muna
 15198 | D:11     | Reached XP level 12. HP: 36/77 MP: 13/17
 15767 | Lair:1   | Entered Level 1 of the Lair of Beasts
 16396 | Lair:1   | Reached skill level 10 in Air Magic
 17662 | Lair:2   | Noticed Fannar
 18088 | Lair:2   | Slain by an elephant

Illustrated notes

Levels and vault maps discovered:
D:1:      psy_arrival_whirlpool, layout_loops_ring, serial_shops,
          nicolae_shop_bloodbath_and_beyond, ebering_ecumenical_altar_box,
          hex_tiny
D:2:      layout_basic, grunt_ministairs_11, kennysheep_jessica_study
D:3:      layout_rooms, nicolae_overflow_hidden_temple, minmay_puff
D:4:      layout_cave_pools, temple_pool_b
D:5:      layout_cave_pods, mainiacjoe_overflow_six_doors_small, serial_shops,
          shop, uniq_pikel
D:6:      layout_gridville, serial_bayou_lake_a, uniq_grinder
D:7:      layout_basic, nicolae_hepliaklqana_monster_ancestors,
          nicolae_shop_self_help, uniq_duvessa
D:8:      layout_basic, nicolae_overflow_two_pavilions, serial_shops, shop,
          minmay_stone_trees_small, uniq_joseph
D:9:      layout_cave_pools, mainiacjoe_overflow_brackets,
          eino_house_with_fridge
D:10:     layout_loops_ring, nicolae_gozag_seed_capital,
          nicolae_tso_carved_into_rock, lightli_bailey_entry_fortress,
          serial_rivers, chequers_serial_rivers_micro_d,
          chequers_serial_rivers_small_a, chequers_serial_rivers_small_a,
          chequers_serial_rivers_micro_c, chequers_serial_rivers_micro_c,
          serial_shops, shop, nicolae_shop_tiny_real_fake_doors
D:11:     layout_roguey, lair_entry_dummy
D:12:     layout_loops_cross, hiddenorc2_lemuel, serial_shops,
          nicolae_shop_industrial_runoff, uniq_lodul
Temple:   nicolae_temple_no_exploring_needed
Lair:1:   layout_long_grid, portal_ice_cave_entry_pillars_2, grunt_megastairs_3
Lair:2:   layout_chaotic_city, minmay_shoals_entry_lonely_mermaid,
          grunt_megastairs_4, lemuel_fruit_fields, infiniplex_staircase_pool_2,
          uniq_fannar, uniq_sonja, uniq_nergalle

Skill      XL: |  1  2  3  4  5  6  7  8  9 10 11 12 |
---------------+-------------------------------------+-----
Conjurations   | 2 3 4 5 6 7 9 |  9.7
Air Magic      | 5 6 7 8 9 11 | 11.0
Spellcasting   | 3 |  3.5
Fighting       | 2 4 7 9 10 | 10.0
Staves         | 3 4 8 10 12 | 12.0
Evocations     | 2 4 5 |  5.0
Shields        | 2 |  2.5
Ice Magic      | 4 |  4.0
Dodging        | |  2.1
Stealth        | |  2.0
Invocations    | |  0.8

Action                     |  1- 3 |  4- 6 |  7- 9 | 10-12 || total
---------------------------+-------+-------+-------+-------++-------
  Melee: Dagger            |    10 |       |       |       ||    10
         Peck              |     3 |       |     1 |    31 ||    35
         Kick              |     2 |     1 |     1 |    49 ||    53
         Staff             |     1 |     1 |     5 |   122 ||   129
   Cast: Shock             |    57 |    87 |    94 |   233 ||   471
         Static Discharge  |     2 |     9 |    20 |    74 ||   105
         Airstrike         |       |       |    42 |    91 ||   133
         Freezing Cloud    |       |       |       |     1 ||     1
  Evoke: Wand              |       |       |     2 |    13 ||    15
    Use: Scroll            |     3 |    14 |     2 |     5 ||    24
         Potion            |       |       |     2 |     1 ||     3
 Armour: Robe              |     1 |    12 |    19 |    82 ||   114
  Dodge: Dodged            |     9 |    12 |    31 |   151 ||   203
  Block: Other             |       |     2 |     9 |     1 ||    12
         Buckler           |       |       |       |    92 ||    92
         Reflection        |       |       |       |    10 ||    10

Table legend: (Time is in decaauts)
 A = Elapsed time spent in this place.
 B = Non-inter-level travel time spent in this place.
 C = Inter-level travel time spent in this place.
 D = Time resting spent in this place.
 E = Time spent auto-exploring this place.
 F = Levels seen in this place.
 G = Mean time per level.
                   A        B        C        D        E       F      G
               +--------+--------+--------+--------+--------+-----+--------+
         Total |  18064 |  17327 |    737 |   2034 |  13263 |  16 | 1129.0 |
       Dungeon |  14867 |  14190 |    677 |   1628 |  10932 |  12 | 1238.9 |
        Temple |     17 |      4 |     13 |      0 |      0 |   1 |   17.0 |
          Lair |   2315 |   2269 |     46 |    195 |   1881 |   2 | 1157.5 |
        Bailey |    863 |    863 |      0 |    211 |    450 |   1 |  863.0 |
               +--------+--------+--------+--------+--------+-----+--------+

Top non-repeatable levels by time:
    D:11: 2184 daAuts
  Lair:1: 2059 daAuts
     D:8: 1890 daAuts
     D:5: 1760 daAuts
     D:1: 1370 daAuts
     D:6: 1365 daAuts
     D:9: 1215 daAuts
     D:3: 1099 daAuts
    D:10: 1098 daAuts
     D:2: 1037 daAuts
     D:7: 923 daAuts
  Bailey: 863 daAuts
     D:4: 849 daAuts
  Lair:2: 255 daAuts
    D:12: 73 daAuts
